 Dungeon Crawl Stone Soup version 0.31-a0-702-gf82c85558f (webtiles) character file.

Game seed: 7725490080178182018

424 randomguy2701 the Chopper (level 6, -4/52 (53) HPs)
             Began as a Hill Orc Fighter on Sept 8, 2023.
             Was an Initiate of Beogh.
             Slain by a wight
             ... wielding a +0 dire flail
              (16 damage)
             ... on level 4 of the Dungeon.
             The game lasted 00:03:07 (2482 turns).

randomguy2701 the Chopper (Hill Orc Fighter)        Turns: 2482, Time: 00:03:08

HP:   -4/52 (53)    AC:  7    Str: 25    XL:     6   Next: 96%
MP:   6/6           EV: 10    Int:  8    God:    Beogh [......]
Gold: 142           SH:  5    Dex: 12    Spells: 5/5 levels left

rFire   . . .        a - +0 war axe
rCold   . . .        c - +0 buckler
rNeg    . . .        b - +0 scale mail
rPois   .            (no helmet)
rElec   .            (no cloak)
rCorr   .            (no gloves)
SInv    .            (no boots)
Will    .....        (no amulet) Stlth
                     k - +6 ring of strength
HPRegen 0.28/turn    (no ring)
MPRegen 0.10/turn

%: no passive effects
@: lightly drained
A: no striking features
a: Renounce Religion


You were on level 4 of the Dungeon.
You worshipped Beogh.
Beogh was noncommittal.
You visited 1 branch of the dungeon, and saw 4 of its levels.

You collected 142 gold pieces.

Inventory:

Hand Weapons
 a - a +0 war axe (weapon)
Armour
 b - a +0 scale mail (worn)
 c - a +0 buckler (worn)
Jewellery
 k - a +6 ring of strength (left hand)
 u - an amulet of faith
Wands
 l - a wand of flame (15)
Scrolls
 f - 6 scrolls of teleportation {unknown}
 g - a scroll of identify {unknown}
 m - a scroll of blinking {unknown}
 n - a scroll of fear {unknown}
 p - a scroll of silence {unknown}
 q - a scroll of fog {unknown}
 r - a scroll of brand weapon {unknown}
 s - a scroll of acquirement {unknown}
 t - a scroll of noise {unknown}
Potions
 d - a potion of might
 e - a potion of resistance {unknown}
 h - 3 potions of mutation {unknown}
 i - 4 potions of degeneration {unknown}
 j - a potion of haste {unknown}
 o - a potion of berserk rage {unknown}
 v - a potion of lignification {unknown}


   Skills:
 + Level 4.6 Fighting
 + Level 6.7 Axes
 + Level 4.9 Armour
 + Level 1.4 Dodging
 + Level 0.1 Stealth
 + Level 3.9 Shields


You had 5 spell levels left.
You didn't know any spells.
Your spell library was empty.

Dungeon Overview and Level Annotations

Branches:
Dungeon (4/15)
 Temple: D:4-7

Altars:
Gozag

Shops:
D:3 [


Message History

The wight hits you with a +0 dire flail!
The wight closely misses you. The jackal closely misses you.
Unknown command.
The jackal closely misses you.
You swap places.
Found a +0 hand axe and a scroll labelled TENWAWUWIN.
The wight hits the orc with a +0 war axe!
The orc dies!
The jackal bites you but does no damage.
The jackal closely misses you.
You see here a jackal corpse.
You see here a jackal corpse.
You slash the jackal!
You kill the jackal!
Beogh accepts your kill.
You hit the wight.
The wight is moderately damaged.
You slash the wight!
You destroy the wight!
Beogh accepts your kill.
You hit the wight but do no damage.
The wight hits you with a +0 dire flail!
You feel drained.
You barely miss the wight.
The wight is moderately damaged.
The wight closely misses you. The wight misses you.
You barely miss the wight.
The wight is moderately damaged.
The wight hits you with a +0 dire flail.
* * * LOW HITPOINT WARNING * * *
You hit the wight.
The wight is moderately damaged.
The wight hits you with a +0 dire flail.
* * * LOW HITPOINT WARNING * * *
The wight hits you with a +0 dire flail.
* * * LOW HITPOINT WARNING * * *
Items here: ) [ ††.
The wight attacks as it pursues you!
The wight hits you with a +0 dire flail!
You die...

..........
#..#..........#..##..
....................
#...........#....... ##...
#...........#.......
.....##...........#.......
......##..................
...............##.. #....#
.........@z.#.....###....#
#........##.##............
#......###.# #....##..#..
#.....†)#..###....#...#..
....###)##......#.....##.#
. .###...#.....###...##...
#....).......####......
#..##..##..### #...##.
....# ##).#### ##..#..


You could see a wight.

Vanquished Creatures
  A black bear (D:4)
  2 wights (D:4)
  2 hounds (D:4)
  A sleepcap (D:4)
  4 adders
  An ufetubus (D:4)
  A worm (D:3)
  3 dart slugs
  8 orcs
  10 ball pythons
  3 endoplasms
  3 giant cockroaches
  7 goblins
  8 hobgoblins
  6 jackals
  A quokka (D:1)
  2 bats (D:1)
  3 frilled lizards
  6 kobolds
  4 rats
76 creatures vanquished.

Vanquished Creatures (others)
  2 orcs (D:4)
  2 jackals (D:4)
4 creatures vanquished.

Grand Total: 80 creatures vanquished

Notes
Turn   | Place    | Note
-------+----------+-------------------------------------------
     0 | D:1      | randomguy2701 the Hill Orc Fighter began the quest for the
                  | Orb.
     0 | D:1      | Reached XP level 1. HP: 19/19 MP: 1/1
   152 | D:1      | Reached skill level 3 in Axes
   232 | D:1      | Reached XP level 2. HP: 26/27 MP: 2/2
   382 | D:1      | Reached XP level 3. HP: 29/33 MP: 3/3
   781 | D:2      | Reached skill level 4 in Axes
   877 | D:2      | Reached XP level 4. HP: 35/40 MP: 4/4
  1343 | D:3      | Found Taeguv's Antique Armour Shoppe.
  1702 | D:3      | Found an opulent altar of Gozag.
  1997 | D:4      | Reached skill level 1 in Dodging
  2073 | D:4      | Reached skill level 5 in Axes
  2073 | D:4      | Reached XP level 5. HP: 45/46 MP: 5/5
  2084 | D:4      | Noticed a black bear
  2099 | D:4      | Killed a black bear
  2100 | D:4      | Reached XP level 6. HP: 23/52 MP: 6/6
  2104 | D:4      | Reached skill level 6 in Axes
  2454 | D:4      | Became a worshipper of Beogh the Brigand
  2482 | D:4      | Slain by a wight

Illustrated notes

Levels and vault maps discovered:
D:1:      roderic_crop_circles_arrival_small, layout_basic, serial_forest,
          infiniplex_forest_corner_1, infiniplex_forest_lined_2,
          infiniplex_forest_clump_diagonal, infiniplex_forest_clump_medium,
          infiniplex_forest_zigzag_2, infiniplex_forest_straight_4,
          infiniplex_forest_lined_ring, infiniplex_forest_lined_room_3
D:2:      layout_rooms
D:3:      layout_loops_cross, grunt_gozag_statues, serial_shops, shop,
          minmay_misc_feat_cross, roderic_lattice_a
D:4:      layout_cave_pools, minmay_temple_entry_purple_smoke,
          kennysheep_generic_room_14

Skill      XL: |  1  2  3  4  5  6 |
---------------+-------------------+-----
Axes           | 3 4 5 6 |  6.7
Armour         | 4 |  4.9
Dodging        | 1 |  1.4
Fighting       | 4 |  4.6
Stealth        | |  0.1
Shields        | |  3.9

Action                     |  1- 3 |  4- 6 || total
---------------------------+-------+-------++-------
  Melee: War axe           |    89 |   113 ||   202
 Invoke: Convert to Beogh  |       |     1 ||     1
 Armour: Scale mail        |    74 |   104 ||   178
  Dodge: Dodged            |    52 |    47 ||    99
  Block: Buckler           |    29 |    26 ||    55

Table legend: (Time is in decaauts)
 A = Elapsed time spent in this place.
 B = Non-inter-level travel time spent in this place.
 C = Inter-level travel time spent in this place.
 D = Time resting spent in this place.
 E = Time spent auto-exploring this place.
 F = Levels seen in this place.
 G = Mean time per level.
                   A        B        C        D        E       F      G
               +--------+--------+--------+--------+--------+-----+--------+
         Total |   2544 |   2456 |     88 |      0 |   1985 |   4 |  636.0 |
       Dungeon |   2544 |   2456 |     88 |      0 |   1985 |   4 |  636.0 |
               +--------+--------+--------+--------+--------+-----+--------+

Top non-repeatable levels by time:
     D:3: 823 daAuts
     D:1: 775 daAuts
     D:4: 514 daAuts
     D:2: 432 daAuts
